Devils vs Red Wings (R1)

Created - November 4, 2019 at 19:34

Goals
1 2 3 T
Devils 0 1 0 1
Red Wings 1 2 1 4
Shots
1 2 3 T
Devils 9 6 9 24
Red Wings 12 11 11 34

1st period

1. Red Wings , Tomas Kopecky 1 (Sean Bergenheim 2, Mike Richards 4) at 3:28

Penalties :
Shea Weber (NJD) for Hooking (Minor) at 13:51, Ryan O'Byrne (Det) for Tripping (Minor) at 16:44

2nd period

2. Devils , Gilbert Brule 1 (Kellan Lain 2, Marian Hossa 2) at 5:08 (PP)
3. Red Wings , Tomas Kopecky 2 (Karl Alzner 1, Mike Richards 5) at 6:17
4. Red Wings , Nick Bjugstad 2 (Maxim Lapierre 1, Adam Henrique 2) at 14:02

Penalties :
Adam Henrique (Det) for Diving (Minor) at 0:27, Ryan O'Byrne (Det) for Hooking (Minor) at 5:02, Jaden Schwartz (NJD) for Hooking (Minor) at 6:34, Kellan Lain (NJD) for High sticking (Minor) at 19:02

3rd period

5. Red Wings , Sean Bergenheim 3 (Tomas Kopecky 2, Mike Richards 6) at 5:47 (PP)

Penalties :
Marian Hossa (NJD) for Tripping (Minor) at 5:38, Gilbert Brule (NJD) for Holding (Minor) at 6:02, Shea Weber (NJD) for Interference (Minor) at 11:55, Kevin Hayes (NJD) for Slashing (Minor) at 16:10, Karl Alzner (Det) for Hooking (Minor) at 0:00

Goalie Stats

Antti Niemi (NJD), 30 saves from 34 shots - (0.882), L, 1-2-0, 60:00 minutes
James Reimer (Det), 23 saves from 24 shots - (0.958), W, 2-3-0, 60:00 minutes

Players Stats for Devils

Player Name              G  A  P  +/- PIM S  H  SB GA TA FO     MP     PP MP  PK MP  
------------------------------------------------------------------------------------
Anthony Stewart          0  0  0   0  0   2  2  0  0  0  1/1    12:36   0:01   2:00 
Brandon Burlon           0  0  0  -1  0   0  1  1  0  0  0/0    12:49   0:00   1:41 
Cody Hodgson             0  0  0  -1  0   3  0  0  0  0  5/8    21:25   1:18   6:43 
Gilbert Brule            1  0  1  -2  2   5  3  1  1  0  18/34  25:02   1:35   5:48 
Jaden Schwartz           0  0  0  -1  2   1  3  0  0  0  0/2    16:20   1:45   0:42 
Kellan Lain              0  1  1  -2  2   2  1  2  0  0  3/3    19:19   2:10   4:02 
Kevin Hayes              0  0  0   0  2   0  1  1  0  0  0/0     5:49   0:00   0:00 
Ladislav Smid            0  0  0  -1  0   0  1  0  0  0  0/0    12:28   0:00   0:26 
Marian Hossa             0  1  1  -2  2   0  0  0  0  1  0/0    15:12   2:12   0:00 
Nikita Kucherov          0  0  0  -1  0   2  0  0  0  1  1/3    15:01   1:45   0:00 
Pernell Karl Subban      0  0  0   0  0   0  2  1  0  1  0/0    20:17   1:28   4:41 
Rostislav Olesz          0  0  0   0  0   1  1  0  0  0  0/0    11:10   0:41   0:00 
Ryan Johansen            0  0  0   0  0   2  2  1  0  0  4/4    14:21   0:00   4:24 
Shea Weber               0  0  0  -2  4   2  3  3  0  0  0/0    27:00   2:36   5:15 
Tobias Enstrom           0  0  0   0  0   2  1  0  0  0  0/0    20:58   1:28   4:28 
Travis Hamonic           0  0  0  -2  0   2  4  4  0  3  0/0    27:54   2:36   7:35 
Tyler Bozak              0  0  0   0  0   0  0  1  0  0  1/2     6:16   0:00   0:27 
Viktor Arvidsson         0  0  0   0  0   0  0  0  0  0  0/1     3:53   0:45   0:00 

Players Stats for Red Wings

Player Name              G  A  P  +/- PIM S  H  SB GA TA FO     MP     PP MP  PK MP  
------------------------------------------------------------------------------------
Adam Henrique            0  1  1   0  2   0  0  1  1  0  0/0    17:15   4:57   1:07 
Alex Picard              0  0  0   0  0   4  0  0  0  0  0/0    12:38   0:17   1:23 
Anton Volchenkov         0  0  0   2  0   0  0  0  0  1  0/0    13:13   0:00   0:00 
Carson Mcmillan          0  0  0   0  0   3  0  0  0  0  0/0    10:45   0:00   0:00 
Connor Brown             0  0  0   1  0   2  1  0  0  0  1/1     8:10   0:00   0:00 
David Krejci             0  0  0   0  0   3  1  0  0  0  1/6    11:08   0:04   0:00 
Jiri Fischer             0  0  0   2  0   0  0  0  0  0  0/0    14:11   0:00   0:41 
Karl Alzner              0  1  1   1  2   1  2  0  0  0  0/0    27:01   7:52   2:31 
Maxim Lapierre           0  1  1   0  0   6  2  0  0  0  6/13   16:26   4:52   0:46 
Michael Haley            0  0  0   1  0   0  0  0  0  0  0/0     8:36   0:00   0:26 
Mike Richards            0  3  3   2  0   1  1  0  2  0  9/26   21:31   7:02   0:46 
Nick Bjugstad            1  0  1   1  0   2  1  0  0  0  1/2     9:43   0:00   1:33 
Ole-Kristian Tollefsen   0  0  0   1  0   1  3  1  0  0  0/0    27:01   7:52   2:31 
Petr Pohl                0  0  0   0  0   4  1  0  0  0  1/2    15:50   4:57   0:00 
Philip Samuelsson        0  0  0   0  0   0  2  1  0  0  0/0    19:46   4:11   1:33 
Ryan O'Byrne             0  0  0   0  4   0  2  2  0  0  0/0    19:05   4:11   0:52 
Sean Bergenheim          1  1  2   2  0   3  1  0  2  0  5/6    22:55   7:02   2:07 
Tomas Kopecky            2  1  3   2  0   4  3  1  1  0  1/2    20:39   6:58   0:00 

3 Stars

1 - Tomas Kopecky (Det)
2 - Mike Richards (Det)
3 - Sean Bergenheim (Det)

Power Play

Devils - 1 on 4 Attempt(s) - 25.00%
Red Wings - 1 on 7 Attempt(s) - 14.29%

Penalty Kill

Devils - 6 on 7 Attempt(s) - 85.71% - Score 0 goal in Penalty Kill
Red Wings - 3 on 4 Attempt(s) - 75.00% - Score 0 goal in Penalty Kill

Team Stat

Devils - Hits : 25 - Faceoff Wins : 33 - Blocked Shots : 15 - Penalty Minutes : 14
Red Wings - Hits : 20 - Faceoff Wins : 25 - Blocked Shots : 6 - Penalty Minutes : 8

Official

Referees : Unknown
Linesman : Unknown

Game Notes

11:32 of 3rd period - Devils goal is going for a video replay. After video review, No Goal. The goalkeeper has been pushed into the net together with the puck after making a save.

Finance

Level 1 -- Attendance: 5661 (94.35%) -- Ticket Income $605,727
Level 2 -- Attendance: 3787 (75.74%) -- Ticket Income $268,877
Level 3 -- Attendance: 1377 (68.85%) -- Ticket Income $66,096
Level 4 -- Attendance: 2981 (74.53%) -- Ticket Income $98,373
Luxury Box -- Attendance: 799 (79.90%) -- Ticket Income $151,810
Game was played at the Joe Louis Arena.
Total Attendance: 14605 (81.14%)
Total Ticket Income: $1,190,883
Other Income: $178,632
Total Income: $1,369,515

Devils

5 vs 5 Forward 
   Center                   Left Wing                Right Wing               Time % Phy DF OF 
 1 Gilbert Brule            Kellan Lain              Marian Hossa             40     1   2  2  
 2 Cody Hodgson             Jaden Schwartz           Nikita Kucherov          30     1   2  2  
 3 Ryan Johansen            Rostislav Olesz          Anthony Stewart          20     1   2  2  
 4 Tyler Bozak              Gilbert Brule            Kevin Hayes              10     1   2  2  

5 vs 5 Defense 
   Defense                  Defense                                           Time % Phy DF OF 
 1 Travis Hamonic           Shea Weber                                        40     1   2  2  
 2 Tobias Enstrom           Pernell Karl Subban                               30     1   2  2  
 3 Ladislav Smid            Brandon Burlon                                    20     1   2  2  
 4 Travis Hamonic           Shea Weber                                        10     1   2  2  

PowerPlay Forward 
   Center                   Left Wing                Right Wing               Time % Phy DF OF 
 1 Gilbert Brule            Kellan Lain              Marian Hossa             60     1   2  2  
 2 Cody Hodgson             Jaden Schwartz           Nikita Kucherov          40     1   2  2  

PowerPlay Defense
   Defense                  Defense                                           Time % Phy DF OF 
 1 Travis Hamonic           Shea Weber                                        60     1   2  2  
 2 Tobias Enstrom           Pernell Karl Subban                               40     1   2  2  

Penalty Kill 4 Players Forward 
   Center                   Wing                     Time % Phy DF OF 
 1 Gilbert Brule            Cody Hodgson             60     1   2  2  
 2 Ryan Johansen            Kellan Lain              40     1   2  2  

Penalty Kill 4 Players Defense
   Defense                  Defense                  Time % Phy DF OF 
 1 Travis Hamonic           Shea Weber               60     1   2  2  
 2 Tobias Enstrom           Pernell Karl Subban      40     1   2  2  

Penalty Kill - 3 Players Forward 
   Forward                                           Time % Phy DF OF 
 1 Gilbert Brule                                     60     1   2  2  
 2 Cody Hodgson                                      40     1   2  2  

Penalty Kill - 3 Players Defense
   Defense                  Defense                  Time % Phy DF OF 
 1 Travis Hamonic           Shea Weber               60     1   2  2  
 2 Tobias Enstrom           Pernell Karl Subban      40     1   2  2  

4 vs 4 Forward 
   Center                   Wing                     Time % Phy DF OF 
 1 Gilbert Brule            Cody Hodgson             60     1   2  2  
 2 Ryan Johansen            Kellan Lain              40     1   2  2  

4 vs 4 Defense
   Defense                  Defense                  Time % Phy DF OF 
 1 Travis Hamonic           Shea Weber               60     1   2  2  
 2 Tobias Enstrom           Pernell Karl Subban      40     1   2  2  

Last Minutes Offensive
   Center                   Left Wing                Right Wing               Defense                  Defense                  
   Gilbert Brule            Kellan Lain              Marian Hossa             Travis Hamonic           Shea Weber               

Last Minutes Defensive
   Center                   Left Wing                Right Wing               Defense                  Defense                  
   Gilbert Brule            Kellan Lain              Marian Hossa             Travis Hamonic           Shea Weber               

Goaltenders
Starting : Antti Niemi              
Backup : John Gibson              

Extra Forwards
Normal : Viktor Arvidsson, Rostislav Olesz, Anthony Stewart - PP : Viktor Arvidsson, Rostislav Olesz - PK : Anthony Stewart
Extra Defensemen
Normal : Ladislav Smid, Brandon Burlon, Tobias Enstrom - PP : Ladislav Smid - PK : Brandon Burlon, Tobias Enstrom
Penalty Shots
Gilbert Brule, Cody Hodgson, Ryan Johansen, Kellan Lain, Jaden Schwartz

Scratches
Keith Kinkaid (Healthy)

Red Wings

5 vs 5 Forward 
   Center                   Left Wing                Right Wing               Time % Phy DF OF 
 1 Mike Richards            Sean Bergenheim          Tomas Kopecky            40     1   2  2  
 2 Maxim Lapierre           Adam Henrique            Petr Pohl                30     1   2  2  
 3 David Krejci             Alex Picard              Carson Mcmillan          20     1   2  2  
 4 Nick Bjugstad            Michael Haley            Connor Brown             10     1   2  2  

5 vs 5 Defense 
   Defense                  Defense                                           Time % Phy DF OF 
 1 Ole-Kristian Tollefsen   Karl Alzner                                       40     1   2  2  
 2 Ryan O'Byrne             Philip Samuelsson                                 30     1   2  2  
 3 Anton Volchenkov         Jiri Fischer                                      20     1   2  2  
 4 Ole-Kristian Tollefsen   Karl Alzner                                       10     1   2  2  

PowerPlay Forward 
   Center                   Left Wing                Right Wing               Time % Phy DF OF 
 1 Mike Richards            Sean Bergenheim          Tomas Kopecky            60     1   2  2  
 2 Maxim Lapierre           Adam Henrique            Petr Pohl                40     1   2  2  

PowerPlay Defense
   Defense                  Defense                                           Time % Phy DF OF 
 1 Ole-Kristian Tollefsen   Karl Alzner                                       60     1   2  2  
 2 Ryan O'Byrne             Philip Samuelsson                                 40     1   2  2  

Penalty Kill 4 Players Forward 
   Center                   Wing                     Time % Phy DF OF 
 1 Sean Bergenheim          Adam Henrique            60     1   2  2  
 2 Mike Richards            Maxim Lapierre           40     1   2  2  

Penalty Kill 4 Players Defense
   Defense                  Defense                  Time % Phy DF OF 
 1 Ole-Kristian Tollefsen   Karl Alzner              60     1   2  2  
 2 Ryan O'Byrne             Philip Samuelsson        40     1   2  2  

Penalty Kill - 3 Players Forward 
   Forward                                           Time % Phy DF OF 
 1 Sean Bergenheim                                   60     1   2  2  
 2 Adam Henrique                                     40     1   2  2  

Penalty Kill - 3 Players Defense
   Defense                  Defense                  Time % Phy DF OF 
 1 Ole-Kristian Tollefsen   Karl Alzner              60     1   2  2  
 2 Ryan O'Byrne             Philip Samuelsson        40     1   2  2  

4 vs 4 Forward 
   Center                   Wing                     Time % Phy DF OF 
 1 Sean Bergenheim          Adam Henrique            60     1   2  2  
 2 Mike Richards            Maxim Lapierre           40     1   2  2  

4 vs 4 Defense
   Defense                  Defense                  Time % Phy DF OF 
 1 Ole-Kristian Tollefsen   Karl Alzner              60     1   2  2  
 2 Ryan O'Byrne             Philip Samuelsson        40     1   2  2  

Last Minutes Offensive
   Center                   Left Wing                Right Wing               Defense                  Defense                  
   Mike Richards            Sean Bergenheim          Tomas Kopecky            Ole-Kristian Tollefsen   Karl Alzner              

Last Minutes Defensive
   Center                   Left Wing                Right Wing               Defense                  Defense                  
   Mike Richards            Sean Bergenheim          Tomas Kopecky            Ole-Kristian Tollefsen   Karl Alzner              

Goaltenders
Starting : James Reimer             
Backup : Josh Harding             

Extra Forwards
Normal : Alex Picard, David Krejci, Nick Bjugstad - PP : Alex Picard, David Krejci - PK : Nick Bjugstad
Extra Defensemen
Normal : Anton Volchenkov, Jiri Fischer, Ryan O'Byrne - PP : Anton Volchenkov - PK : Jiri Fischer, Ryan O'Byrne
Penalty Shots
Sean Bergenheim, Adam Henrique, Mike Richards, Maxim Lapierre, Tomas Kopecky

Scratches
Andrew Alberts (Healthy), Chris Kelly (Healthy)

% Time on Ice - Devils

Lines # - Real PCT - Wanted PCT - Time Play
Normal Forward
1 - 34% - 40% - 14:51
2 - 30% - 30% - 13:22
3 - 22% - 20% - 9:51
4 - 13% - 10% - 5:49
Normal Defense
1 - 40% - 40% - 17:30
2 - 32% - 30% - 13:55
3 - 25% - 20% - 11:08
4 - 3% - 10% - 1:20
PP Forward
1 - 57% - 60% - 2:19
2 - 43% - 40% - 1:45
PP Defense
1 - 64% - 60% - 2:36
2 - 36% - 40% - 1:28
PK Forward
1 - 74% - 60% - 8:53
2 - 26% - 40% - 3:10
PK Defense
1 - 69% - 60% - 8:17
2 - 31% - 40% - 3:46
PK3 Forward
1 - 0% - 60%
2 - 0% - 40%
PK3 Defense
1 - 0% - 60%
2 - 0% - 40%
44 Forward
1 - 0% - 60%
2 - 0% - 40%
44 Defense
1 - 0% - 60%
2 - 0% - 40%
Last Minute Offensive  - 0:00
Last Minute Defensive  - 0:00
Total
Forward - 60:00
Defense - 60:00

% Time on Ice - Red Wings

Lines # - Real PCT - Wanted PCT - Time Play
Normal Forward
1 - 32% - 40% - 14:05
2 - 25% - 30% - 10:53
3 - 24% - 20% - 10:45
4 - 19% - 10% - 8:10
Normal Defense
1 - 36% - 40% - 15:39
2 - 32% - 30% - 14:02
3 - 30% - 20% - 13:13
4 - 2% - 10% - 0:59
PP Forward
1 - 59% - 60% - 7:06
2 - 41% - 40% - 4:57
PP Defense
1 - 65% - 60% - 7:52
2 - 35% - 40% - 4:11
PK Forward
1 - 81% - 60% - 3:18
2 - 19% - 40% - 0:46
PK Defense
1 - 62% - 60% - 2:31
2 - 38% - 40% - 1:33
PK3 Forward
1 - 0% - 60%
2 - 0% - 40%
PK3 Defense
1 - 0% - 60%
2 - 0% - 40%
44 Forward
1 - 0% - 60%
2 - 0% - 40%
44 Defense
1 - 0% - 60%
2 - 0% - 40%
Last Minute Offensive  - 0:00
Last Minute Defensive  - 0:00
Total
Forward - 60:00
Defense - 60:00

Play-by-Play

1st period


0:01 of 1st period - Mike Richards wins face-off versus Gilbert Brule in neutral zone.
0:04 of 1st period - Slapshot by Tomas Kopecky.
0:04 of 1st period - Shot Blocked by Gilbert Brule.
0:26 of 1st period - Ole-Kristian Tollefsen is hit by Jaden Schwartz and loses puck.
0:33 of 1st period - Slapshot by Karl Alzner.
0:33 of 1st period - Deflect By Petr Pohl.
0:33 of 1st period - Stopped by Antti Niemi without a rebound.
0:34 of 1st period - Ryan Johansen wins face-off versus David Krejci in Devils zone.
0:39 of 1st period - Slapshot by Tobias Enstrom.
0:39 of 1st period - Stopped by James Reimer with a rebound.
0:59 of 1st period - Ryan O'Byrne is hit by Kevin Hayes and loses puck.
1:42 of 1st period - Snap shot by Maxim Lapierre.
1:42 of 1st period - Shot Misses the Net.
3:28 of 1st period - Snap shot by Tomas Kopecky.
3:28 of 1st period - Goal by Tomas Kopecky - Devils : 0 - Red Wings : 1.
3:29 of 1st period - Gilbert Brule wins face-off versus Maxim Lapierre in neutral zone.
3:32 of 1st period - Snap shot by Gilbert Brule.
3:32 of 1st period - Deflect By Kellan Lain.
3:32 of 1st period - Shot Misses the Net.
3:32 of 1st period - Puck is out of play.
3:33 of 1st period - Maxim Lapierre wins face-off versus Gilbert Brule in Red Wings zone.
3:33 of 1st period - Maxim Lapierre is hit by Gilbert Brule.
3:47 of 1st period - Snap shot by Adam Henrique.
3:47 of 1st period - Shot Blocked by Shea Weber.
3:49 of 1st period - Wrist shot by Maxim Lapierre.
3:49 of 1st period - Stopped by Antti Niemi with a rebound.
4:01 of 1st period - Snap shot by Gilbert Brule.
4:01 of 1st period - Stopped by James Reimer with a rebound.
4:07 of 1st period - Snap shot by Cody Hodgson.
4:07 of 1st period - Stopped by James Reimer with a rebound.
4:49 of 1st period - Snap shot by Gilbert Brule.
4:49 of 1st period - Shot Blocked by Ryan O'Byrne.
5:07 of 1st period - Ryan O'Byrne is hit by Jaden Schwartz and loses puck.
5:43 of 1st period - Wrist shot by David Krejci.
5:43 of 1st period - Stopped by Antti Niemi with a rebound.
6:07 of 1st period - Snap shot by Maxim Lapierre.
6:07 of 1st period - Stopped by Antti Niemi with a rebound.
6:09 of 1st period - Wrist shot by Petr Pohl.
6:09 of 1st period - Stopped by Antti Niemi without a rebound.
6:10 of 1st period - Gilbert Brule wins face-off versus David Krejci in Devils zone.
6:45 of 1st period - Slapshot by Shea Weber.
6:45 of 1st period - Stopped by James Reimer with a rebound.
6:47 of 1st period - Snap shot by Marian Hossa.
6:47 of 1st period - Shot Misses the Net.
6:49 of 1st period - Snap shot by Marian Hossa.
6:49 of 1st period - Shot Misses the Net.
7:04 of 1st period - Snap shot by Gilbert Brule.
7:04 of 1st period - Shot Misses the Net.
7:06 of 1st period - Slapshot by Ladislav Smid.
7:06 of 1st period - Shot Misses the Net.
7:10 of 1st period - Snap shot by Gilbert Brule.
7:10 of 1st period - Stopped by James Reimer without a rebound.
7:11 of 1st period - Petr Pohl wins face-off versus Cody Hodgson in Red Wings zone.
8:33 of 1st period - Anthony Stewart is hit by Petr Pohl and loses puck.
8:44 of 1st period - Snap shot by Maxim Lapierre.
8:44 of 1st period - Stopped by Antti Niemi with a rebound.
9:07 of 1st period - Icing by Ryan O'Byrne.
9:08 of 1st period - David Krejci wins face-off versus Nikita Kucherov in Red Wings zone.
9:37 of 1st period - Snap shot by Gilbert Brule.
9:37 of 1st period - Shot Hit the Post.
9:39 of 1st period - Slapshot by Kellan Lain.
9:39 of 1st period - Shot Blocked by Ryan O'Byrne.
9:41 of 1st period - Snap shot by Travis Hamonic.
9:41 of 1st period - Stopped by James Reimer without a rebound.
9:42 of 1st period - Gilbert Brule wins face-off versus Maxim Lapierre in Red Wings zone.
9:43 of 1st period - Wrist shot by Kellan Lain.
9:43 of 1st period - Stopped by James Reimer with a rebound.
10:07 of 1st period - Mike Richards is hit by Pernell Karl Subban and loses puck.
10:50 of 1st period - Off-side.
10:51 of 1st period - Connor Brown wins face-off versus Gilbert Brule in neutral zone.
11:02 of 1st period - Slapshot by Philip Samuelsson.
11:02 of 1st period - Deflect By Nick Bjugstad.
11:02 of 1st period - Shot Misses the Net.
11:02 of 1st period - Puck is out of play.
11:03 of 1st period - Gilbert Brule wins face-off versus Maxim Lapierre in Devils zone.
11:03 of 1st period - Gilbert Brule is hit by Maxim Lapierre.
11:11 of 1st period - Maxim Lapierre is hit by Gilbert Brule and loses puck.
12:01 of 1st period - Off-side.
12:02 of 1st period - Mike Richards wins face-off versus Tyler Bozak in neutral zone.
12:52 of 1st period - Off-side.
12:53 of 1st period - Ryan Johansen wins face-off versus Tomas Kopecky in neutral zone.
12:58 of 1st period - Snap shot by Rostislav Olesz.
12:58 of 1st period - Stopped by James Reimer with a rebound.
13:16 of 1st period - Snap shot by Anthony Stewart.
13:16 of 1st period - Stopped by James Reimer without a rebound.
13:17 of 1st period - Maxim Lapierre wins face-off versus Gilbert Brule in Red Wings zone.
13:29 of 1st period - Off-side.
13:30 of 1st period - Kellan Lain wins face-off versus Mike Richards in neutral zone.
13:41 of 1st period - Wrist shot by Tomas Kopecky.
13:41 of 1st period - Stopped by Antti Niemi without a rebound.
13:42 of 1st period - Gilbert Brule wins face-off versus Petr Pohl in Devils zone.
13:51 of 1st period - Minor Penalty to Shea Weber for Hooking.
13:52 of 1st period - Sean Bergenheim wins face-off versus Gilbert Brule in Devils zone.
15:51 of 1st period - Penalty to Shea Weber is over, Shea Weber is back on ice.
16:06 of 1st period - Snap shot by David Krejci.
16:06 of 1st period - Stopped by Antti Niemi with a rebound.
16:08 of 1st period - Slapshot by Jiri Fischer.
16:08 of 1st period - Deflect By Alex Picard.
16:08 of 1st period - Stopped by Antti Niemi with a rebound.
16:10 of 1st period - Wrist shot by Carson Mcmillan.
16:10 of 1st period - Stopped by Antti Niemi with a rebound.
16:12 of 1st period - Wrist shot by Carson Mcmillan.
16:12 of 1st period - Shot Misses the Net.
16:44 of 1st period - Minor Penalty to Ryan O'Byrne for Tripping.
16:45 of 1st period - Sean Bergenheim wins face-off versus Viktor Arvidsson in Red Wings zone.
18:19 of 1st period - Wrist shot by Sean Bergenheim.
18:19 of 1st period - Stopped by Antti Niemi with a rebound.
18:44 of 1st period - Penalty to Ryan O'Byrne is over, Ryan O'Byrne is back on ice.
19:06 of 1st period - Ladislav Smid is hit by Philip Samuelsson and loses puck.
19:15 of 1st period - Snap shot by David Krejci.
19:15 of 1st period - Shot Blocked by Tyler Bozak.
19:17 of 1st period - Snap shot by Alex Picard.
19:17 of 1st period - Shot Blocked by Brandon Burlon.
19:39 of 1st period - Cody Hodgson is hit by Ryan O'Byrne and loses puck.
19:46 of 1st period - Wrist shot by Mike Richards.
19:46 of 1st period - Shot Misses the Net.
19:56 of 1st period - Gilbert Brule is hit by Connor Brown and loses puck.
Goals for this period are 0 for Devils vs 1 for Red Wings.
Shots for this period are 9 for Devils vs 12 for Red Wings.

2nd period


0:01 of 2nd period - Gilbert Brule wins face-off versus Mike Richards in neutral zone.
0:08 of 2nd period - Shea Weber is hit by Sean Bergenheim.
0:27 of 2nd period - Minor Penalty to Adam Henrique for Diving.
0:28 of 2nd period - Sean Bergenheim wins face-off versus Gilbert Brule in Red Wings zone.
1:01 of 2nd period - Sean Bergenheim is hit by Travis Hamonic and loses puck.
2:09 of 2nd period - Cody Hodgson is hit by Maxim Lapierre and loses puck.
2:27 of 2nd period - Penalty to Adam Henrique is over, Adam Henrique is back on ice.
2:32 of 2nd period - Jiri Fischer is hit by Pernell Karl Subban and loses puck.
3:17 of 2nd period - Snap shot by Connor Brown.
3:17 of 2nd period - Stopped by Antti Niemi with a rebound.
3:27 of 2nd period - Connor Brown is hit by Shea Weber and loses puck.
3:43 of 2nd period - Icing by Adam Henrique.
3:44 of 2nd period - Maxim Lapierre wins face-off versus Jaden Schwartz in Red Wings zone.
4:18 of 2nd period - Snap shot by Gilbert Brule.
4:18 of 2nd period - Stopped by James Reimer without a rebound.
4:19 of 2nd period - Maxim Lapierre wins face-off versus Jaden Schwartz in Red Wings zone.
4:46 of 2nd period - Gilbert Brule is hit by Tomas Kopecky.
4:54 of 2nd period - Wrist shot by Gilbert Brule.
4:54 of 2nd period - Shot Misses the Net.
5:02 of 2nd period - Minor Penalty to Ryan O'Byrne for Hooking.
5:03 of 2nd period - Gilbert Brule wins face-off versus Sean Bergenheim in Red Wings zone.
5:06 of 2nd period - Snap shot by Kellan Lain.
5:06 of 2nd period - Shot Blocked by Adam Henrique.
5:08 of 2nd period - Snap shot by Gilbert Brule.
5:08 of 2nd period - Goal by Gilbert Brule - Devils : 1 - Red Wings : 1.
5:09 of 2nd period - Sean Bergenheim wins face-off versus Gilbert Brule in neutral zone.
5:18 of 2nd period - Snap shot by Sean Bergenheim.
5:18 of 2nd period - Stopped by Antti Niemi without a rebound.
5:19 of 2nd period - Gilbert Brule wins face-off versus Mike Richards in Devils zone.
5:26 of 2nd period - Tomas Kopecky is hit by Travis Hamonic and loses puck.
5:35 of 2nd period - Slapshot by Shea Weber.
5:35 of 2nd period - Shot Blocked by Tomas Kopecky.
6:13 of 2nd period - Wrist shot by Sean Bergenheim.
6:13 of 2nd period - Shot Blocked by Travis Hamonic.
6:15 of 2nd period - Snap shot by Mike Richards.
6:15 of 2nd period - Shot Misses the Net.
6:17 of 2nd period - Snap shot by Karl Alzner.
6:17 of 2nd period - Deflect By Tomas Kopecky.
6:17 of 2nd period - Goal by Tomas Kopecky - Devils : 1 - Red Wings : 2.
6:18 of 2nd period - Cody Hodgson wins face-off versus Maxim Lapierre in neutral zone.
6:23 of 2nd period - Slapshot by Jaden Schwartz.
6:23 of 2nd period - Shot Misses the Net.
6:25 of 2nd period - Wrist shot by Nikita Kucherov.
6:25 of 2nd period - Shot Misses the Net.
6:34 of 2nd period - Minor Penalty to Jaden Schwartz for Hooking.
6:35 of 2nd period - Gilbert Brule wins face-off versus Mike Richards in Devils zone.
6:48 of 2nd period - Snap shot by Sean Bergenheim.
6:48 of 2nd period - Shot Blocked by Shea Weber.
7:06 of 2nd period - Snap shot by Petr Pohl.
7:06 of 2nd period - Stopped by Antti Niemi without a rebound.
7:07 of 2nd period - Kellan Lain wins face-off versus Mike Richards in Devils zone.
8:18 of 2nd period - Cody Hodgson is hit by Ole-Kristian Tollefsen and loses puck.
8:34 of 2nd period - Penalty to Jaden Schwartz is over, Jaden Schwartz is back on ice.
8:47 of 2nd period - Alex Picard is hit by Anthony Stewart and loses puck.
9:00 of 2nd period - Snap shot by Connor Brown.
9:00 of 2nd period - Shot Misses the Net.
9:02 of 2nd period - Snap shot by Ole-Kristian Tollefsen.
9:02 of 2nd period - Shot Misses the Net.
9:04 of 2nd period - Slapshot by Karl Alzner.
9:04 of 2nd period - Stopped by Antti Niemi with a rebound.
10:04 of 2nd period - Slapshot by Connor Brown.
10:04 of 2nd period - Shot Misses the Net.
10:27 of 2nd period - Backhand shot by Maxim Lapierre.
10:27 of 2nd period - Stopped by Antti Niemi without a rebound.
10:28 of 2nd period - Ryan Johansen wins face-off versus Mike Richards in Devils zone.
10:28 of 2nd period - Ryan Johansen is hit by Tomas Kopecky.
10:38 of 2nd period - Wrist shot by Anthony Stewart.
10:38 of 2nd period - Stopped by James Reimer with a rebound.
11:10 of 2nd period - Slapshot by Gilbert Brule.
11:10 of 2nd period - Shot Misses the Net.
11:37 of 2nd period - Ryan Johansen is hit by Nick Bjugstad and loses puck.
11:50 of 2nd period - Ladislav Smid is hit by Philip Samuelsson and loses puck.
12:15 of 2nd period - Adam Henrique is hit by Travis Hamonic and loses puck.
12:26 of 2nd period - Adam Henrique is hit by Rostislav Olesz and loses puck.
12:47 of 2nd period - Tobias Enstrom is hit by Ole-Kristian Tollefsen and loses puck.
12:54 of 2nd period - Backhand shot by Carson Mcmillan.
12:54 of 2nd period - Shot Misses the Net.
12:56 of 2nd period - Slapshot by Anton Volchenkov.
12:56 of 2nd period - Deflect By Alex Picard.
12:56 of 2nd period - Shot Blocked by Pernell Karl Subban.
12:56 of 2nd period - Puck is out of play.
12:57 of 2nd period - Nikita Kucherov wins face-off versus Mike Richards in Devils zone.
14:02 of 2nd period - Wrist shot by Maxim Lapierre.
14:02 of 2nd period - Deflect By Nick Bjugstad.
14:02 of 2nd period - Goal by Nick Bjugstad - Devils : 1 - Red Wings : 3.
14:03 of 2nd period - Gilbert Brule wins face-off versus Mike Richards in neutral zone.
14:06 of 2nd period - Snap shot by Travis Hamonic.
14:06 of 2nd period - Stopped by James Reimer without a rebound.
14:07 of 2nd period - Gilbert Brule wins face-off versus Mike Richards in Red Wings zone.
14:18 of 2nd period - Marian Hossa is hit by Tomas Kopecky and loses puck.
15:20 of 2nd period - Tobias Enstrom is hit by Ole-Kristian Tollefsen and loses puck.
16:44 of 2nd period - Wrist shot by Connor Brown.
16:44 of 2nd period - Shot Misses the Net.
16:46 of 2nd period - Slapshot by Jiri Fischer.
16:46 of 2nd period - Shot Misses the Net.
17:19 of 2nd period - Maxim Lapierre is hit by Ryan Johansen and loses puck.
17:40 of 2nd period - Wrist shot by Cody Hodgson.
17:40 of 2nd period - Stopped by James Reimer with a rebound.
17:54 of 2nd period - Snap shot by Connor Brown.
17:54 of 2nd period - Stopped by Antti Niemi without a rebound.
17:55 of 2nd period - Ryan Johansen wins face-off versus Nick Bjugstad in Devils zone.
18:06 of 2nd period - Wrist shot by Ryan Johansen.
18:06 of 2nd period - Stopped by James Reimer with a rebound.
18:25 of 2nd period - Ole-Kristian Tollefsen is hit by Brandon Burlon and loses puck.
18:39 of 2nd period - Off-side.
18:40 of 2nd period - Kellan Lain wins face-off versus Maxim Lapierre in neutral zone.
18:45 of 2nd period - Icing by Jiri Fischer.
18:46 of 2nd period - Gilbert Brule wins face-off versus Maxim Lapierre in Red Wings zone.
19:02 of 2nd period - Minor Penalty to Kellan Lain for High sticking.
19:03 of 2nd period - Mike Richards wins face-off versus Gilbert Brule in Devils zone.
19:05 of 2nd period - Snap shot by Tomas Kopecky.
19:05 of 2nd period - Stopped by Antti Niemi with a rebound.
19:07 of 2nd period - Slapshot by Ole-Kristian Tollefsen.
19:07 of 2nd period - Stopped by Antti Niemi without a rebound.
19:08 of 2nd period - Gilbert Brule wins face-off versus Mike Richards in Devils zone.
19:23 of 2nd period - Wrist shot by Mike Richards.
19:23 of 2nd period - Stopped by Antti Niemi without a rebound.
19:24 of 2nd period - Mike Richards wins face-off versus Gilbert Brule in Devils zone.
19:27 of 2nd period - Wrist shot by Sean Bergenheim.
19:27 of 2nd period - Shot Misses the Net.
Goals for this period are 1 for Devils vs 2 for Red Wings.
Shots for this period are 6 for Devils vs 11 for Red Wings.

3rd period


0:01 of 3rd period - Gilbert Brule wins face-off versus Mike Richards in neutral zone.
0:26 of 3rd period - Maxim Lapierre is hit by Shea Weber.
0:34 of 3rd period - Slapshot by Petr Pohl.
0:34 of 3rd period - Stopped by Antti Niemi with a rebound.
0:36 of 3rd period - Slapshot by Maxim Lapierre.
0:36 of 3rd period - Shot Blocked by Travis Hamonic.
1:02 of 3rd period - Penalty to Kellan Lain is over, Kellan Lain is back on ice.
1:10 of 3rd period - Snap shot by David Krejci.
1:10 of 3rd period - Shot Misses the Net.
1:26 of 3rd period - Connor Brown is hit by Anthony Stewart and loses puck.
1:37 of 3rd period - Wrist shot by Alex Picard.
1:37 of 3rd period - Stopped by Antti Niemi without a rebound.
1:38 of 3rd period - Cody Hodgson wins face-off versus David Krejci in Devils zone.
1:46 of 3rd period - Backhand shot by Alex Picard.
1:46 of 3rd period - Shot Misses the Net.
1:48 of 3rd period - Snap shot by Karl Alzner.
1:48 of 3rd period - Deflect By Carson Mcmillan.
1:48 of 3rd period - Shot Misses the Net.
1:48 of 3rd period - Puck is out of play.
1:49 of 3rd period - Mike Richards wins face-off versus Gilbert Brule in Devils zone.
1:58 of 3rd period - Wrist shot by Tomas Kopecky.
1:58 of 3rd period - Shot Blocked by Shea Weber.
3:25 of 3rd period - Snap shot by David Krejci.
3:25 of 3rd period - Deflect By Alex Picard.
3:25 of 3rd period - Shot Blocked by Kevin Hayes.
3:25 of 3rd period - Puck is out of play.
3:26 of 3rd period - Cody Hodgson wins face-off versus David Krejci in Devils zone.
3:26 of 3rd period - Cody Hodgson is hit by Ryan O'Byrne.
3:47 of 3rd period - Snap shot by David Krejci.
3:47 of 3rd period - Shot Misses the Net.
3:59 of 3rd period - Snap shot by Alex Picard.
3:59 of 3rd period - Stopped by Antti Niemi with a rebound.
4:01 of 3rd period - Slapshot by Carson Mcmillan.
4:01 of 3rd period - Shot Misses the Net.
4:03 of 3rd period - Snap shot by Alex Picard.
4:03 of 3rd period - Deflect By Carson Mcmillan.
4:03 of 3rd period - Stopped by Antti Niemi with a rebound.
4:05 of 3rd period - Slapshot by Alex Picard.
4:05 of 3rd period - Stopped by Antti Niemi with a rebound.
4:07 of 3rd period - Snap shot by David Krejci.
4:07 of 3rd period - Shot Blocked by Travis Hamonic.
4:09 of 3rd period - Slapshot by Jiri Fischer.
4:09 of 3rd period - Deflect By Carson Mcmillan.
4:09 of 3rd period - Stopped by Antti Niemi without a rebound.
4:10 of 3rd period - Gilbert Brule wins face-off versus Mike Richards in Devils zone.
4:15 of 3rd period - Slapshot by Tobias Enstrom.
4:15 of 3rd period - Shot Misses the Net.
4:21 of 3rd period - Snap shot by Gilbert Brule.
4:21 of 3rd period - Deflect By Kellan Lain.
4:21 of 3rd period - Shot Hit the Post.
4:21 of 3rd period - Puck is out of play.
4:22 of 3rd period - Mike Richards wins face-off versus Gilbert Brule in Red Wings zone.
4:27 of 3rd period - Wrist shot by Gilbert Brule.
4:27 of 3rd period - Stopped by James Reimer without a rebound.
4:28 of 3rd period - Mike Richards wins face-off versus Gilbert Brule in Red Wings zone.
4:28 of 3rd period - Mike Richards is hit by Tobias Enstrom.
4:36 of 3rd period - Pernell Karl Subban is hit by Karl Alzner and loses puck.
5:15 of 3rd period - Slapshot by Tobias Enstrom.
5:15 of 3rd period - Stopped by James Reimer with a rebound.
5:17 of 3rd period - Snap shot by Ryan Johansen.
5:17 of 3rd period - Shot Blocked by Philip Samuelsson.
5:19 of 3rd period - Snap shot by Ryan Johansen.
5:19 of 3rd period - Shot Misses the Net.
5:21 of 3rd period - Wrist shot by Ryan Johansen.
5:21 of 3rd period - Stopped by James Reimer without a rebound.
5:22 of 3rd period - Gilbert Brule wins face-off versus Mike Richards in Red Wings zone.
5:38 of 3rd period - Minor Penalty to Marian Hossa for Tripping.
5:39 of 3rd period - Tomas Kopecky wins face-off versus Gilbert Brule in Devils zone.
5:47 of 3rd period - Snap shot by Sean Bergenheim.
5:47 of 3rd period - Goal by Sean Bergenheim - Devils : 1 - Red Wings : 4.
5:48 of 3rd period - Mike Richards wins face-off versus Gilbert Brule in neutral zone.
6:02 of 3rd period - Minor Penalty to Gilbert Brule for Holding.
6:03 of 3rd period - Anthony Stewart wins face-off versus Mike Richards in Devils zone.
6:55 of 3rd period - Ryan O'Byrne is hit by Kellan Lain and loses puck.
7:52 of 3rd period - Ole-Kristian Tollefsen is hit by Jaden Schwartz and loses puck.
8:02 of 3rd period - Penalty to Gilbert Brule is over, Gilbert Brule is back on ice.
10:29 of 3rd period - Ryan Johansen is hit by Mike Richards and loses puck.
11:13 of 3rd period - Maxim Lapierre is hit by Shea Weber and loses puck.
11:28 of 3rd period - Wrist shot by Shea Weber.
11:28 of 3rd period - Stopped by James Reimer with a rebound.
11:32 of 3rd period - Snap shot by Kellan Lain.
11:32 of 3rd period - Devils goal is going for a video replay.
11:32 of 3rd period - The goal is refused. The goalkeeper has been pushed into the net together with the puck after making a save..
11:33 of 3rd period - Cody Hodgson wins face-off versus Mike Richards in Red Wings zone.
11:38 of 3rd period - Wrist shot by Cody Hodgson.
11:38 of 3rd period - Stopped by James Reimer with a rebound.
11:40 of 3rd period - Snap shot by Nikita Kucherov.
11:40 of 3rd period - Stopped by James Reimer with a rebound.
11:42 of 3rd period - Snap shot by Jaden Schwartz.
11:42 of 3rd period - Stopped by James Reimer without a rebound.
11:43 of 3rd period - Mike Richards wins face-off versus Cody Hodgson in Red Wings zone.
11:55 of 3rd period - Minor Penalty to Shea Weber for Interference.
11:56 of 3rd period - Sean Bergenheim wins face-off versus Gilbert Brule in Devils zone.
12:22 of 3rd period - Travis Hamonic is hit by Karl Alzner and loses puck.
13:55 of 3rd period - Penalty to Shea Weber is over, Shea Weber is back on ice.
14:47 of 3rd period - Petr Pohl is hit by Ladislav Smid and loses puck.
15:59 of 3rd period - Wrist shot by David Krejci.
15:59 of 3rd period - Stopped by Antti Niemi without a rebound.
16:00 of 3rd period - Tyler Bozak wins face-off versus David Krejci in Devils zone.
16:10 of 3rd period - Minor Penalty to Kevin Hayes for Slashing.
16:11 of 3rd period - Gilbert Brule wins face-off versus Mike Richards in Devils zone.
16:41 of 3rd period - Karl Alzner is hit by Ryan Johansen and loses puck.
17:10 of 3rd period - Slapshot by Mike Richards.
17:10 of 3rd period - Shot Blocked by Kellan Lain.
17:20 of 3rd period - Slapshot by Ole-Kristian Tollefsen.
17:20 of 3rd period - Shot Blocked by Ryan Johansen.
17:22 of 3rd period - Snap shot by Tomas Kopecky.
17:22 of 3rd period - Shot Misses the Net.
17:24 of 3rd period - Snap shot by Tomas Kopecky.
17:24 of 3rd period - Shot Misses the Net.
17:26 of 3rd period - Slapshot by Ole-Kristian Tollefsen.
17:26 of 3rd period - Shot Blocked by Travis Hamonic.
17:28 of 3rd period - Slapshot by Karl Alzner.
17:28 of 3rd period - Shot Misses the Net.
17:30 of 3rd period - Snap shot by Mike Richards.
17:30 of 3rd period - Shot Blocked by Kellan Lain.
17:32 of 3rd period - Slapshot by Karl Alzner.
17:32 of 3rd period - Shot Hit the Post.
17:34 of 3rd period - Slapshot by Mike Richards.
17:34 of 3rd period - Deflect By Sean Bergenheim.
17:34 of 3rd period - Shot Misses the Net.
17:34 of 3rd period - Puck is out of play.
17:35 of 3rd period - Maxim Lapierre wins face-off versus Cody Hodgson in Devils zone.
17:50 of 3rd period - Snap shot by Maxim Lapierre.
17:50 of 3rd period - Stopped by Antti Niemi with a rebound.
18:00 of 3rd period - Philip Samuelsson is hit by Gilbert Brule and loses puck.
18:10 of 3rd period - Penalty to Kevin Hayes is over, Kevin Hayes is back on ice.
18:19 of 3rd period - Ladislav Smid is hit by David Krejci and loses puck.
18:44 of 3rd period - Backhand shot by Nick Bjugstad.
18:44 of 3rd period - Stopped by Antti Niemi without a rebound.
18:45 of 3rd period - Nick Bjugstad wins face-off versus Nikita Kucherov in Devils zone.
19:08 of 3rd period - Carson Mcmillan is hit by Travis Hamonic and loses puck.
19:37 of 3rd period - Snap shot by Maxim Lapierre.
19:37 of 3rd period - Stopped by Antti Niemi without a rebound.
19:38 of 3rd period - Cody Hodgson wins face-off versus Mike Richards in Devils zone.
19:55 of 3rd period - Snap shot by Nikita Kucherov.
19:55 of 3rd period - Stopped by James Reimer without a rebound.
19:56 of 3rd period - Gilbert Brule wins face-off versus Maxim Lapierre in Red Wings zone.
19:57 of 3rd period - Snap shot by Kellan Lain.
19:57 of 3rd period - Deflect By Marian Hossa.
19:57 of 3rd period - Shot Blocked by Ole-Kristian Tollefsen.
19:57 of 3rd period - Puck is out of play.
19:58 of 3rd period - Maxim Lapierre wins face-off versus Gilbert Brule in Red Wings zone.
Goals for this period are 0 for Devils vs 1 for Red Wings.
Shots for this period are 9 for Devils vs 11 for Red Wings.
0:00 - Minor Penalty to Karl Alzner for Hooking.
Goals for this period are 0 for Devils vs 1 for Red Wings.
Shots for this period are 9 for Devils vs 11 for Red Wings.